 Dungeon Crawl Stone Soup version 0.30-a0-329-g85436e0a43 (webtiles) character file.

Game seed: 15175559679609969709

141874 jlumianski the Cleaver (level 16, 0/126 (129) HPs)
             Began as a Demonspawn Fighter on Oct 27, 2022.
             Was the Champion of Qazlal.
             Slain by a moth of wrath (11 damage)
             ... on level 4 of the Spider Nest on Oct 28, 2022.
             The game lasted 03:19:37 (29716 turns).

jlumianski the Cleaver (Demonspawn Fighter)        Turns: 29716, Time: 03:19:38

HP:   0/126 (129)   AC: 29    Str: 28    XL:     16   Next: 79%
MP:   0/26          EV: 10    Int: 12    God:    Qazlal [******]
Gold: 2540          SH:  0    Dex: 13    Spells: 15/15 levels left

rFire   + . .      SeeInvis +    x - +6 broad axe (vorpal)
rCold   + . .      Faith    .    X - +0 kite shield
rNeg    . . .      Spirit   +    l - +4 chain mail {rF+}
rPois   +          Reflect  +    n - +2 helmet {SInv}
rElec   .          Harm     .    (cloak unavailable)
rCorr   .          Rampage  ∞    F - +2 pair of gloves {infuse}
Will    +....                    G - +3 pair of seven-league boots {Rampage+∞}
Stlth   ..........               Y - amulet of reflection
HPRegen 0.41/turn                P - ring "Nuroilau" {AC+4 Str+3 Int+3}
MPRegen 0.40/turn                L - ring of poison resistance

@: confused, protected from physical damage, corroded, on berserk cooldown,
slowed, lightly drained, repel missiles, very slow
A: icy blue scales 3, powered by death 1, magic shield, magic regeneration,
magic link, weakness stinger 3
a: Renounce Religion, Upheaval, Elemental Force, Disaster Area


You were on level 4 of the Spider Nest.
You worshipped Qazlal.
Qazlal was exalted by your worship.
You visited 5 branches of the dungeon, and saw 27 of its levels.
You also visited: Bailey.

You collected 4238 gold pieces.
You spent 1698 gold pieces at shops.

Inventory:

Hand Weapons
 x - a +6 vorpal broad axe (weapon)
 z - the +10 flail of Reppeul {venom, *Rage Will+ Dex+3}
   (You found it on level 4 of the Dungeon)

   It poisons the flesh of those it strikes.
   Dex:       It affects your dexterity (+3).
   *Rage:     It berserks you when you make melee attacks (+20% chance).
   Will:      It increases your willpower.
Missiles
 g - 15 atropa-tipped darts
 I - 19 boomerangs (quivered)
 S - 6 silver javelins
Armour
 l - a +4 chain mail of fire resistance (worn)
 n - a +2 helmet of see invisible (worn)
 F - a +2 pair of gloves of infusion (worn)
 G - the +3 pair of seven-league boots (worn) {Rampage+∞}
   (You bought it in a shop on level 2 of the Orcish Mines)

   Its wearer moves as far as possible in that direction when moving towards
   enemies.
 X - a +0 kite shield (worn)
Jewellery
 a - a ring of ice
 d - a ring of flight
 y - a +6 ring of strength
 H - a ring of fire
 L - a ring of poison resistance (right hand)
 O - a +4 ring of protection
 P - the ring "Nuroilau" (left hand) {AC+4 Str+3 Int+3}
   (You took it off a meliai on level 2 of the Spider Nest)

   [ring of protection]

   AC:        It affects your AC (+4).
   Str:       It affects your strength (+3).
   Int:       It affects your intelligence (+3).
 Q - a ring of protection from cold
 R - a ring of resist corrosion
 Y - an amulet of reflection (around neck)
Wands
 j - a wand of mindburst (19)
 C - a wand of roots (21)
 E - a wand of digging (11)
 J - a wand of quicksilver (29)
 K - a wand of paralysis (20)
Scrolls
 e - 5 scrolls of poison
 i - 7 scrolls of fog
 p - 9 scrolls of teleportation
 u - 3 scrolls of blinking
 v - 2 scrolls of summoning
 A - a scroll of silence
 D - 7 scrolls of identify
 W - 4 scrolls of magic mapping
 Z - 2 scrolls of fear
Potions
 f - 2 potions of might
 o - 8 potions of haste
 r - 8 potions of heal wounds
 s - 7 potions of curing
 M - a potion of berserk rage
 N - 3 potions of cancellation
 U - 2 potions of resistance
Miscellaneous
 b - a lightning rod (4/4)


   Skills:
 * Level 12.8 Fighting
 + Level 14.9(15.0) Axes
 - Level 2.1(9.9) Maces & Flails
 + Level 4.0 Throwing
 + Level 9.3 Armour
 + Level 5.0 Dodging
 - Level 2.1 Stealth
 + Level 13.5 Shields
 * Level 13.8 Invocations
 * Level 10.1 Evocations


You had 15 spell levels left.
You didn't know any spells.
Your spell library contained the following spells:

 Spells                   Type           Power      Damage    Failure   Level
 Apportation              Tloc           0%         N/A       95%         1
 Freeze                   Ice            0%         1d3       95%         1
 Necrotise                Necr           0%         1d4       95%         1
 Shock                    Conj/Air       0%         1d3       95%         1
 Summon Small Mammal      Summ           0%         N/A       95%         1
 Cigotuvi's Dreadful Rot  Necr/Pois/Air  0%         N/A       99%         2
 Ensorcelled Hibernation  Hex/Ice        0%         N/A       99%         2
 Passwall                 Tmut/Erth      0%         N/A       99%         2
 Scorch                   Fire           0%         2d5       99%         2
 Static Discharge         Conj/Air       0%         2-2/arc   99%         2
 Dazzling Flash           Conj/Hex       0%         N/A       100%        3
 Frozen Ramparts          Ice            0%         1d1       100%        3
 Hailstorm                Conj/Ice       0%         3d3       100%        3
 Spider Form              Tmut/Pois      0%         N/A       100%        3
 Swiftness                Air            0%         N/A       100%        3
 Vhi's Electric Charge    Tloc/Air       0%         N/A       100%        3
 Airstrike                Air            0%         2d(0-16)  100%        4
 Anguish                  Hex/Necr       0%         N/A       100%        4
 Dispel Undead            Necr           0%         3d6       100%        4
 Flame Wave               Conj/Fire      0%         2d4       100%        4
 Ice Form                 Ice/Tmut       0%         N/A       100%        4
 Iskenderun's Mystic Bla  Conj/Tloc      0%         2d3       100%        4
 Agony                    Necr           0%         N/A       100%        5
 Arcjolt                  Conj/Air       0%         1d10      100%        5
 Lightning Bolt           Conj/Air       0%         1d11      100%        5
 Silence                  Hex/Air        0%         N/A       100%        5
 Death Channel            Necr           0%         N/A       100%        6
 Simulacrum               Ice/Necr       0%         N/A       100%        6
 Starburst                Conj/Fire      0%         6d3       100%        6
 Summon Cactus Giant      Summ           0%         N/A       100%        6


Dungeon Overview and Level Annotations

Branches:
Dungeon (15/15)            Temple (1/1) D:5            Lair (5/5) D:9
 Shoals (0/4) Lair:2       Spider (4/4) Lair:3        Slime (0/5) Lair:4
    Orc (2/2) D:10            Elf (0/3) Orc:2        Vaults (0/5) D:13
 Depths (0/4) D:15         Bailey (visited)

Altars:
Ashenzari
Cheibriados
Dithmenos
Fedhas
Gozag
Hepliaklqana
Kikubaaqudgha
Makhleb
Nemelex Xobeh
Okawaru
Qazlal
Ru
Sif Muna
Trog
Uskayaw
Vehumet
Wu Jian
Xom
Yredelemnul
Jiyva

Shops:
D:11 [   Orc:1 (   Orc:2 ((=[

Portals:
Hell: Lair:5
Trove: D:11 (show abyssal rune of Zot)

Annotations:
D:2 1 runed translucent door, Crazy Yiuf, Natasha
D:13 3 runed translucent doors, idiolect's ghost, journeyman DsGl
Lair:4 1 runed translucent door


Innate Abilities, Weirdness & Mutations

You are completely covered in icy blue scales. (AC +4, rC+)
You regenerate a little health from kills.
When hurt, damage is shared between your health and your magic reserves.
You regenerate magic rapidly.
When low on magic, you restore magic in place of health.
You have a sharp stinger which inflicts weakening toxins.


Message History

* * * LOW HITPOINT WARNING * * *
The radroach claws you but does no damage.
The moth of wrath is engulfed in blazing flames.
The moth of wrath goads the torpor snail on!
The torpor snail goes berserk!
The culicivora bites you.
* * * LOW HITPOINT WARNING * * *
The culicivora draws strength from your injuries!
The torpor snail is engulfed in freezing vapours.
The torpor snail bites you.
* * * LOW HITPOINT WARNING * * *
The tarantella touches you but does no damage.
The jumping spider leaps!
You feel a strong urge to attack something.
The culicivora barely misses you. The tarantella misses you.
The radroach bites you but does no damage.
The radroach closely misses you.
The moth of wrath is engulfed in blazing flames.
The moth of wrath barely misses you.
The moth of wrath is engulfed in blazing flames.
The culicivora bites you!
* * * LOW HITPOINT WARNING * * *
The culicivora draws strength from your injuries!
The tarantella touches you but does no damage.
The torpor snail is engulfed in freezing vapours.
The torpor snail bites you!
* * * LOW HITPOINT WARNING * * *
You feel more protected from physical attacks.
The radroach bites you but does no damage.
The radroach claws you but does no damage.
You are no longer berserk.
You are exhausted.
You feel as though you will be slow longer.
The culicivora is engulfed in freezing vapours.
The culicivora bites you but does no damage.
The tarantella closely misses you.
The culicivora is engulfed in freezing vapours.
The culicivora barely misses you.
The moth of wrath is engulfed in blazing flames.
The moth of wrath bites you!
You die...

### ##.. #...
#§☼## #^#..s#
#...B@#
#°.§swy°w....
#...sBy......
##......°....
#.$..........
#............
#............
#.#..........


You could see a radroach (berserk, soul bound), an entropy weaver (soul bound),
a steelbarb worm (soul bound), a torpor snail (berserk, soul bound), 2 moths of
wrath, a culicivora (berserk, soul bound), a jumping spider (soul bound) and a
tarantella (berserk, soul bound).

Vanquished Creatures
  Arachne (Spider:2)
  A tengu reaver (D:13)
  A fire giant (D:15)
  3 emperor scorpions
  2 ghost moths (Spider:3)
  An ironbound preserver (D:13)
  A broodmother (Spider:3)
  Nessos (Lair:4)
  2 entropy weavers (Spider:2)
  A rakshasa (D:13)
  Erolcha (D:9)
  A hell beast (Lair:5)
  7 hydras
  Erica (D:10)
  3 radroaches
  A two-headed ogre (D:10)
  5 centaur warriors
  Urug (Orc:2)
  7 boulder beetles
  2 death yaks (Lair:4)
  2 tengu warriors
  2 orc high priests
  Sonja (Orc:1)
  5 pharaoh ants
  11 steelbarb worms
  5 orb spiders
  Lodul (D:9)
  An orc knight (Orc:1)
  A wizard (Lair:5)
  Pikel (D:5)
  12 ugly things
  25 wolf spiders
  3 deep elf pyromancers
  4 cyclopes
  6 orc sorcerers
  A moth of wrath (Spider:1)
  3 manticores
  8 black mambas
  15 elephants
  5 torpor snails
  9 cane toads
  A gargoyle (D:12)
  2 orange demons (Lair:5)
  A kobold demonologist (D:10)
  Maggie (D:7)
  An efreet (D:14)
  4 demonic crawlers
  2 unseen horrors (D:12)
  2 ice devils (Lair:5)
  4 komodo dragons
  A hellwing (Lair:5)
  A yaktaur (D:12)
  7 rime drakes
  6 trolls
  3 tengu conjurers
  2 red devils (Lair:5)
  4 meliai
  A queen bee (shapeshifter) (D:13)
  20 tarantellas
  10 slime creatures
  Prince Ribbit (D:6)
  16 blink frogs
  A dream sheep (Lair:5)
  16 culicivoras
  27 jumping spiders
  3 shadows
  Eustachio (D:5)
  2 basilisks
  5 wyverns
  58 yaks
  3 wraiths
  2 vampires (D:10)
  2 vampire mosquitoes (D:15)
  47 redbacks
  2 steam dragons (D:8)
  7 wargs
  Edmund (D:6)
  7 acid dragons
  15 water moccasins
  4 hell hounds (Lair:5)
  21 orc warriors
  Duvessa (D:5)
  A swamp drake (D:10)
  2 ice beasts
  2 black bears
  13 ogres
  3 wolves (Lair:5)
  8 centaurs
  2 phantoms (D:7)
  2 lemures (D:5)
  13 kobold brigands
  10 bullfrogs
  2 gnoll sergeants
  A necrophage (D:5)
  4 scorpions
  13 wights
  Dowan (D:5)
  6 killer bees
  6 howler monkeys
  2 electric eels (D:9)
  26 orc priests
  2 hounds
  Ijyb (D:5)
  31 orc wizards
  Natasha (twice) (D:2)
  3 iguanas
  13 gnolls
  7 adders
  3 shadow imps
  2 white imps
  3 worms
  2 dart slugs
  73 orcs
  5 endoplasms
  6 giant cockroaches
  9 goblins
  11 jackals
  3 quokkas
  6 ball pythons
  2 bats (D:1)
  A frilled lizard (D:1)
  39 kobolds
  3 rats
  A spectral goblin (D:9)
  A butterfly (D:3)
825 creatures vanquished.

Vanquished Creatures (collateral kills)
  A tengu reaver (D:13)
  2 ettins
  2 radroaches
  2 death yaks (Lair:4)
  An orc high priest (Orc:1)
  An orb spider (Spider:3)
  2 steelbarb worms
  An orc knight (Orc:2)
  An elephant (Lair:4)
  A komodo dragon (Lair:3)
  2 tarantellas (Spider:2)
  A jumping spider (Spider:3)
  A culicivora (Spider:2)
  A redback (Spider:3)
  An ogre (Orc:1)
  3 orc warriors (Orc:1)
  An orc priest (Orc:1)
  2 orc wizards
  5 orcs (Orc:1)
31 creatures vanquished.

Vanquished Creatures (others)
  A pharaoh ant (Spider:3)
  A wolf spider (Spider:2)
  An orc priest (Orc:2)
  An orc (Orc:2)
  21 fungi
  37 plants
62 creatures vanquished.

Grand Total: 918 creatures vanquished

Notes
Turn   | Place    | Note
-------+----------+-------------------------------------------
     0 | D:1      | jlumianski the Demonspawn Fighter began the quest for the
                  | Orb.
     0 | D:1      | Reached XP level 1. HP: 18/18 MP: 1/1
   239 | D:1      | Gained mutation: You are partially covered in icy blue
                  | scales. (AC +2) [demonic ancestry]
   239 | D:1      | Reached XP level 2. HP: 19/24 MP: 2/2
   738 | D:1      | Reached skill level 2 in Axes
   752 | D:1      | Gained mutation: You have a small tail. [demonic ancestry]
   752 | D:1      | Reached XP level 3. HP: 29/29 MP: 3/3
  1264 | D:2      | Reached XP level 4. HP: 35/35 MP: 4/4
  1284 | D:2      | Found a runed translucent door.
  1285 | D:2      | Noticed Crazy Yiuf
  1368 | D:2      | Noticed Natasha
  1378 | D:2      | HP: 1/35 [shadow imp/nerve-wracking pain[Natasha] (4)]
  1379 | D:2      | Killed Natasha
  1700 | D:2      | Noticed Natasha
  1704 | D:2      | Killed Natasha
  1864 | D:2      | Noticed Natasha
  2273 | D:3      | Gained mutation: You have a tail ending in a sharp stinger.
                  | [demonic ancestry]
  2273 | D:3      | Reached XP level 5. HP: 41/41 MP: 5/5
  2393 | D:3      | Found a faded altar of an unknown god.
  2478 | D:4      | Found a large runed translucent door.
  2479 | D:4      | Found a large runed translucent door.
  2479 | D:4      | Found a shimmering altar of Xom.
  2557 | D:3      | Found a shimmering altar of Xom.
  2755 | D:3      | Reached skill level 3 in Axes
  2990 | D:3      | Reached skill level 1 in Dodging
  3136 | D:4      | Gained mutation: You regenerate magic rapidly. [demonic
                  | ancestry]
  3136 | D:4      | Reached XP level 6. HP: 45/48 MP: 6/6
  3200 | D:4      | Identified the +10 flail of Reppeul {venom, *Rage Will+
                  | Dex+3}
  3299 | D:5      | Entered Level 5 of the Dungeon
  3440 | D:4      | Reached skill level 4 in Axes
  4391 | D:5      | Found a staircase to the Ecumenical Temple.
  4400 | Temple   | Entered the Ecumenical Temple
  4400 | Temple   | Found a transporter.
  4400 | Temple   | Found a transporter.
  4402 | Temple   | Found a transporter.
  4402 | Temple   | Found a transporter.
  4452 | Temple   | Became a worshipper of Qazlal Stormbringer
  4565 | D:5      | Gained mutation: You regenerate a little health from kills.
                  | [demonic ancestry]
  4565 | D:5      | Reached XP level 7. HP: 22/54 MP: 7/7
  4703 | D:5      | Noticed Pikel
  4723 | D:5      | Killed Pikel
  4724 | D:5      | Reached skill level 5 in Axes
  4724 | D:5      | Reached skill level 1 in Throwing
  4724 | D:5      | Reached skill level 5 in Armour
  4724 | D:5      | Reached skill level 1 in Stealth
  4724 | D:5      | Reached XP level 8. HP: 45/61 MP: 8/8
  5352 | D:5      | Noticed Ijyb
  5352 | D:5      | Noticed Duvessa
  5486 | D:5      | Noticed Eustachio
  5508 | D:5      | Killed Ijyb
  5516 | D:5      | Killed Eustachio
  5517 | D:5      | Reached skill level 5 in Fighting
  5598 | D:5      | Noticed Dowan
  5603 | D:5      | Killed Dowan
  5604 | D:5      | Reached skill level 6 in Axes
  5609 | D:5      | Killed Duvessa
  5895 | D:6      | Noticed Edmund
  5911 | D:6      | Killed Edmund
  6117 | D:6      | Reached XP level 9. HP: 46/68 MP: 2/9
  6621 | D:6      | Reached skill level 7 in Axes
  6646 | D:6      | Found a sparkling altar of Nemelex Xobeh.
  6680 | D:7      | Noticed Prince Ribbit
  6684 | D:6      | Reached * piety under Qazlal
  6714 | D:6      | Killed Prince Ribbit
  7082 | D:7      | Reached skill level 8 in Axes
  7334 | D:6      | Reached ** piety under Qazlal
  7416 | D:7      | Noticed Maggie
  7433 | D:7      | Killed Maggie
  7434 | D:7      | Reached skill level 1 in Invocations
  7434 | D:7      | Gained mutation: When hurt, damage is shared between your
                  | health and your magic reserves. [demonic ancestry]
  7434 | D:7      | Reached XP level 10. HP: 61/76 MP: 6/10
  7479 | D:7      | Identified the +7 ring mail "Mejao" {rElec}
  7951 | D:8      | Reached skill level 5 in Shields
  7992 | D:8      | Found an ornate altar of the Wu Jian Council.
  8952 | D:10     | Entered Level 10 of the Dungeon
  8955 | D:10     | Noticed Erica
  8991 | D:9      | Reached skill level 9 in Axes
  8995 | D:9      | Reached *** piety under Qazlal
  9040 | D:9      | Found a staircase to the Lair.
  9062 | D:10     | Killed Erica
  9081 | D:10     | Found a flagged portal.
  9157 | Bailey   | Entered a bailey
  9322 | Bailey   | Found an iron altar of Okawaru.
  9559 | D:9      | Reached XP level 11. HP: 68/84 MP: 9/14
  9682 | D:9      | Found a hazy altar of Hepliaklqana.
  9818 | D:9      | Reached skill level 1 in Evocations
 10385 | D:9      | Noticed Erolcha
 10405 | D:9      | Killed Erolcha
 10406 | D:9      | Reached skill level 5 in Invocations
 11004 | D:10     | Noticed a soul eater
 11008 | D:10     | Reached skill level 10 in Axes
 11163 | D:10     | Noticed Lodul
 11447 | D:10     | Reached **** piety under Qazlal
 11451 | D:10     | Found a staircase to the Orcish Mines.
 12139 | D:11     | Upgraded the game from 0.30-a0-322-g102857c98e to
                  | 0.30-a0-329-g85436e0a43
 12213 | D:11     | Found a portal to a secret trove of treasure.
 12323 | Lair:1   | Entered Level 1 of the Lair of Beasts
 12371 | D:11     | Noticed a two-headed ogre
 12395 | D:10     | Killed a two-headed ogre
 12485 | D:11     | Found Eru Uffo's Antique Armour Shoppe.
 12546 | D:11     | Bought a runed chain mail for 240 gold pieces
 12546 | D:11     | Bought a shiny chain mail for 240 gold pieces
 12546 | D:11     | Bought a runed helmet for 240 gold pieces
 12586 | D:13     | Noticed a tengu warrior
 12586 | D:13     | Noticed a boulder beetle
 12595 | D:12     | Noticed a deep elf pyromancer
 12609 | D:12     | Killed a deep elf pyromancer
 12625 | D:12     | Noticed a deep elf pyromancer
 12636 | D:11     | Killed a deep elf pyromancer
 13106 | D:11     | Gained mutation: You are mostly covered in icy blue scales.
                  | (AC +3) [demonic ancestry]
 13106 | D:11     | Reached XP level 12. HP: 79/92 MP: 11/17
 13567 | D:13     | Noticed a tengu reaver
 13567 | D:13     | Noticed a centaur warrior
 13568 | D:13     | Noticed an ettin
 13576 | D:13     | Killed a centaur warrior
 13654 | D:13     | Noticed a tengu warrior
 13665 | D:12     | Reached skill level 11 in Axes
 13722 | D:12     | Noticed a boulder beetle
 13728 | D:12     | Killed a boulder beetle
 13791 | D:12     | Noticed a centaur warrior
 13803 | D:12     | Reached ***** piety under Qazlal
 13803 | D:12     | Killed a centaur warrior
 14025 | D:12     | Killed a tengu warrior
 14051 | D:13     | Killed a boulder beetle
 14124 | D:13     | Noticed a centaur warrior
 14134 | D:13     | Killed a centaur warrior
 14151 | D:13     | Noticed an ironbound preserver
 14167 | D:13     | Killed an ironbound preserver
 14172 | D:13     | Noticed a centaur warrior
 14181 | D:13     | Killed a centaur warrior
 14314 | D:13     | Killed a tengu warrior
 14319 | D:13     | Gained mutation: When low on magic, you restore magic in
                  | place of health. [demonic ancestry]
 14319 | D:13     | Reached XP level 13. HP: 94/101 MP: 1/19
 14434 | D:13     | Found a gate to the Vaults.
 14489 | D:13     | Noticed a tengu reaver
 14502 | D:13     | Identified the +3 battleaxe of Elyjeud {vorpal, +Blink rF+
                  | Int-4}
 14504 | D:13     | an anaconda changed into an ettin
 14504 | D:13     | Noticed an ettin (glowing shapeshifter)
 14508 | D:13     | an ettin changed into a jorogumo
 14856 | D:13     | Reached skill level 5 in Evocations
 14901 | D:13     | Found a runed translucent gate.
 14901 | D:13     | Found a runed translucent gate.
 14901 | D:13     | Found a runed translucent gate.
 14904 | D:13     | Noticed idiolect's ghost (journeyman DsGl)
 15194 | D:13     | Killed a tengu reaver
 15195 | D:13     | Reached skill level 12 in Axes
 15198 | D:13     | Killed a tengu reaver
 15199 | D:13     | Killed an ettin
 15377 | Lair:1   | Reached skill level 10 in Shields
 15778 | D:15     | Entered Level 15 of the Dungeon
 16526 | D:15     | Identified the +9 trident of Impeachment {pain, Int+2}
 16754 | D:15     | Noticed a fire giant
 16757 | D:15     | Found a staircase to the Depths.
 16971 | D:15     | Killed a fire giant
 17428 | Lair:1   | Reached skill level 10 in Fighting
 17851 | Lair:2   | Reached skill level 10 in Invocations
 18564 | Lair:3   | Found a hole to the Spider Nest.
 18884 | Lair:2   | Found a staircase to the Shoals.
 19098 | Lair:3   | Gained mutation: You are completely covered in icy blue
                  | scales. (AC +4, rC+) [demonic ancestry]
 19098 | Lair:3   | Reached XP level 14. HP: 82/110 MP: 4/21
 19203 | Orc:1    | Entered Level 1 of the Orcish Mines
 19398 | Orc:2    | Entered Level 2 of the Orcish Mines
 19812 | Orc:1    | Paralysed by an orc sorcerer for 2 turns
 20368 | Orc:2    | Found a staircase to the Elven Halls.
 20605 | Orc:2    | Found a bloodstained altar of Trog.
 20726 | Orc:2    | Found Mutust's Armour Shoppe.
 20726 | Orc:2    | Found Xaem's Antique Weapon Emporium.
 20727 | Orc:2    | Found Qixyom's Weapon Emporium.
 20731 | Orc:2    | Found Zedghafit's Jewellery Shoppe.
 20736 | Orc:2    | Bought a broad axe for 148 gold pieces
 20740 | Orc:2    | Bought an amulet of regeneration for 390 gold pieces
 20742 | Orc:2    | Bought the +3 pair of seven-league boots {Rampage+∞} for
                  | 440 gold pieces
 20742 | Orc:2    | Found the +3 pair of seven-league boots {Rampage+∞}
 20904 | Orc:1    | Noticed Sonja
 20923 | Orc:1    | Found Witua's Weapon Boutique.
 20924 | Orc:1    | Killed Sonja
 21165 | Orc:1    | Noticed Urug
 21190 | Orc:2    | Killed Urug
 21191 | Orc:2    | Reached skill level 13 in Axes
 21860 | Lair:4   | Noticed Nessos
 22457 | Lair:4   | Reached skill level 1 in Maces & Flails
 22543 | Lair:4   | Killed Nessos
 22596 | Lair:4   | Reached XP level 15. HP: 112/118 MP: 2/23
 22604 | Lair:5   | Entered Level 5 of the Lair of Beasts
 22887 | Lair:4   | Found a runed translucent door.
 22888 | Lair:4   | Found a viscous altar of Jiyva.
 22888 | Lair:4   | Noticed an azure jelly
 22888 | Lair:4   | Noticed an azure jelly
 22888 | Lair:4   | Noticed an azure jelly
 22891 | Lair:4   | Found a staircase to the Slime Pits.
 23470 | Lair:5   | Reached ****** piety under Qazlal
 23859 | Lair:5   | Found an ornate altar of the Wu Jian Council.
 23860 | Lair:5   | Found a hide-covered altar of Uskayaw.
 24236 | Lair:5   | Found a burning altar of Makhleb.
 24274 | Lair:5   | Found a gateway to Hell.
 24281 | Lair:5   | Identified the +3 mace "Ydomuipn" {freeze, Drain Int+4}
 24880 | D:9      | Killed Lodul
 24939 | Spider:1 | Entered Level 1 of the Spider Nest
 24956 | Spider:2 | Noticed an emperor scorpion
 25833 | Spider:1 | Reached skill level 14 in Axes
 26029 | Spider:1 | Identified the +12 long sword "Orenolup" {venom, rN+ Str+7
                  | Dex-3}
 26121 | Spider:1 | Killed an emperor scorpion
 26655 | Spider:1 | Gained mutation: You have a sharp stinger which inflicts
                  | weakening toxins. [demonic ancestry]
 26655 | Spider:1 | Reached XP level 16. HP: 68/127 MP: 6/25
 27244 | Spider:2 | Identified the +1 scale mail of Egalitarianism {+Blink
                  | Slay+3}
 27568 | Spider:3 | Identified the ring "Nuroilau" {AC+4 Str+3 Int+3}
 27587 | Spider:3 | Noticed Arachne
 28189 | Spider:2 | Killed Arachne
 28369 | Spider:3 | Reached skill level 5 in Dodging
 28458 | Spider:4 | Entered Level 4 of the Spider Nest
 29292 | Spider:3 | Reached skill level 10 in Evocations
 29716 | Spider:4 | Slain by a moth of wrath

Illustrated notes

Levels and vault maps discovered:
D:1:      giann_bridges, layout_basic
D:2:      layout_basic, dk_vineyard_2, uniq_natasha, uniq_crazy_yiuf_cottage
D:3:      layout_basic, xom_butterflies, ebering_ecumenical_altar_sacrificial
D:4:      due_chaos_kobolds, layout_loops_ring
D:5:      layout_gridville, minmay_temple_entry_statues_fountains, uniq_duvessa,
          uniq_eustachio, uniq_ijyb, uniq_pikel
D:6:      layout_loops_ring, kennysheep_mini, minmay_small_thing, uniq_edmund
D:7:      layout_cave_pools, uniq_maggie, uniq_prince_ribbit1
D:8:      layout_gridville, lemuel_doored_altar
D:9:      layout_basic, nicolae_hepliaklqana_monster_ancestors,
          mainiacjoe_overflow_chevrons, erik_lair_orcish_takeover, serial_bayou,
          serial_bayou_pond_a, serial_bayou_pond_e, serial_bayou_shore_a,
          serial_bayou_pond_c, uniq_erolcha
D:10:     layout_cave_pools, erik_orc_1, enter_bailey_3, minivault_23,
          kennysheep_cross_room, minmay_variable_closet, uniq_erica, uniq_lodul
D:11:     layout_irregular_city, enter_trove_1, serial_shops, shop,
          chequers_serial_rivers_micro_d
D:12:     layout_rooms, centaur_isle
D:13:     layout_rooms, skrybe_vaults_entry_preservation, gammafunk_ghost_icy,
          minmay_diamond_spiral
D:14:     layout_irregular_city, dk_noncrumbling_2, nicolae_elevator_lobby_plus
D:15:     grunt_enter_depths_giant_problem, layout_loops_ring
Temple:   hellmonk_temple_divided_pantheon
Lair:1:   layout_regular_city, chequers_serial_rivers_marsh, st_stairs_12,
          serial_bayou_pond_d
Lair:2:   layout_concentric_octagons, elwin_shoals_entry_rooms,
          grunt_megastairs_2
Lair:3:   layout_regular_city, nicolae_spider_entry_non_spiders
Lair:4:   beast_lair_carwin_large_1, layout_regular_city, slime_entry_2,
          chequers_serial_rivers_small_a, grunt_megastairs_5, uniq_nessos
Lair:5:   evil_forest, layout_cave_pods, nzn_masters_of_martial_movement
Spider:1: nicolae_spider_mines_3, nicolae_spider_webs_and_nodes
Spider:2: layout_spider_delve
Spider:3: cheibrodos_spider_silkery, spiders_nest_the_unseen, uniq_arachne
Spider:4: hellmonk_spider_rune_bug_friends
Orc:1:    layout_caves, serial_shops, nicolae_shop_bloodbath_and_beyond,
          abandoned_shop, uniq_urug, uniq_sonja
Orc:2:    st_orc_mages, layout_caves, basic_altar

Skill      XL: |  1  2  3  4  5  6  7  8  9 10 11 12 13 14 15 16 |
---------------+-------------------------------------------------+-----
Armour         | 3 4 5 6 7 8 9 |  9.3
Axes           | 2 3 4 5 6 8 9 10 11 12 13 14 | 14.9
Shields        | 3 4 6 7 9 10 12 13 | 13.5
Dodging        | 1 2 3 4 5 |  5.0
Fighting       | 4 5 6 7 9 10 11 12 | 12.8
Throwing       | 1 2 3 4 |  4.0
Stealth        | 1 2 |  2.1
Invocations    | 1 4 7 8 10 11 12 13 | 13.8
Evocations     | 3 4 6 7 9 10 | 10.1
Maces & Flails | 1 2 |  2.1

Action                   |  1- 3 |  4- 6 |  7- 9 | 10-12 | 13-15 | 16-18 || total
-------------------------+-------+-------+-------+-------+-------+-------++-------
Melee: War axe           |    91 |   174 |   195 |   525 |   375 |       ||  1360
       Tailslap          |     5 |    17 |    34 |    89 |   165 |    33 ||   343
       Flail             |       |       |       |       |    53 |       ||    53
       Broad axe         |       |       |       |       |   448 |   220 ||   668
Throw: Dart              |     5 |    11 |    25 |    12 |     1 |       ||    54
       Stone             |       |     2 |       |       |       |       ||     2
       Boomerang         |       |       |       |    11 |    13 |    14 ||    38
Invok: Upheaval          |       |       |       |     3 |     3 |     4 ||    10
       Elemental Force   |       |       |       |       |     7 |     4 ||    11
       Disaster Area     |       |       |       |       |     2 |       ||     2
Evoke: Wand              |       |       |       |     1 |     3 |     3 ||     7
       Lightning rod     |       |       |       |       |     5 |     5 ||    10
  Use: Scroll            |       |    14 |     2 |     9 |    15 |     2 ||    42
       Potion            |       |     7 |     1 |     3 |     1 |       ||    12
 Stab: Invisible         |       |       |     2 |       |       |       ||     2
       Confused          |       |       |       |     1 |       |       ||     1
       Distracted        |       |       |       |       |     3 |       ||     3
       Paralysed         |       |       |       |       |     2 |     5 ||     7
Armor: Scale mail        |    57 |    77 |   123 |       |       |       ||   257
       Ring mail         |       |       |       |   141 |       |       ||   141
       Chain mail        |       |       |       |   143 |   518 |   249 ||   910
Dodge: Dodged            |    45 |    75 |   109 |   229 |   251 |   126 ||   835
       Repelled          |       |       |       |     2 |     3 |       ||     5
Block: Buckler           |    26 |    45 |    66 |   358 |     1 |       ||   496
       Reflection        |       |       |       |    27 |    27 |       ||    54
       Kite shield       |       |       |       |       |  1251 |   468 ||  1719

Table legend: (Time is in decaauts)
 A = Elapsed time spent in this place.
 B = Non-inter-level travel time spent in this place.
 C = Inter-level travel time spent in this place.
 D = Time resting spent in this place.
 E = Time spent auto-exploring this place.
 F = Levels seen in this place.
 G = Mean time per level.
                   A        B        C        D        E       F      G
               +--------+--------+--------+--------+--------+-----+--------+
         Total |  30161 |  28876 |   1285 |   4196 |  14293 |  28 | 1077.2 |
       Dungeon |  17536 |  16791 |    745 |   1774 |   8766 |  15 | 1169.1 |
        Temple |     70 |     70 |      0 |      0 |      0 |   1 |   70.0 |
          Lair |   5422 |   5045 |    377 |      3 |   3537 |   5 | 1084.4 |
   Spider Nest |   4706 |   4564 |    142 |   1753 |   1302 |   4 | 1176.5 |
  Orcish Mines |   2197 |   2177 |     20 |    666 |    686 |   2 | 1098.5 |
        Bailey |    228 |    228 |      0 |      0 |      0 |   1 |  228.0 |
               +--------+--------+--------+--------+--------+-----+--------+

Top non-repeatable levels by time:
Spider:1: 2022 daAuts
     D:9: 1954 daAuts
     D:5: 1516 daAuts
    D:10: 1431 daAuts
   Orc:1: 1420 daAuts
Spider:2: 1411 daAuts
  Lair:5: 1406 daAuts
     D:6: 1321 daAuts
     D:2: 1275 daAuts
Spider:3: 1236 daAuts
    D:11: 1230 daAuts
    D:13: 1142 daAuts
    D:12: 1121 daAuts
     D:4: 1111 daAuts
  Lair:4: 1067 daAuts
